SCURSCUM, neutral female scurrid Archeologist }}}}}}}}}}}}}}}}}}}}}}}}}}}}}}}}}}}}}}}}}}}}}}}}}}}}}}}}}}}}}}}}}}}}}}}}}}} }}}}}}}}}}}}}}}}}}}}}}}}}}}}}}}}}}}}}}}}}}}}}}}}}}}}}}}}}}}}}}}}}}}}}}}}}}} }}}}}}}}}.}}}}}}.....}}}}}}}}}}}}}}}}}}}}}}}}}}}}}}}}}}}}}}}(}}}}}}}}}}}}}} }}`}}}}%...}}}}}....}}}}}}}}}}}}}}}}}}}}}}}}}}}}}}}}}}}}}}}!...........S}!} }...;}}}}}}}}}}..?.}}}..}}}}}}}}}}}}}}}}}}}}}}}}}}}}}}}}}}}}}}}...f}}}`..}} }...@}}}}}}}}}....}}}}..}}}}}}}}}}}...T...}@}}}}}}}}}}}}}}}}}}}}}..}}}}..}} }...}}}}}}}}}}}}}}}}}}}}}}}}}}----------------- }}}}}....%..}} }...}}}}}}}}}}}}}}}}}}}}}}}}}.| }....}}}}}...`}}}}}}}}}}}}}...- }.....}}}}}.}}}}}}}}}}}}}}}....... }....}}}}}}}}}}}}}}}}}}}}}}.`.n...| }...`}}}}}}}}}}}}}}}}}}}}}}...----- }.....}}}}}}}}}}}}}}}}}}}}}}}.| }......}}}}}}}}}}}}}}}}}}}}}}}- }....<..}}}}}}}...}}}}}}}}}}}}}} }.....}}}}}}}}}}`...(}}}}}}}}}}}}}} }}..}}}}}}}}}}}}}....}}}}}}}}}}}}}}}}} }}}}}}}}}}}}}}}}}....}}}}}}}}}}}}}}}}}}}} }}}}}}}}}}}}}}}}}}}}}}}}}}}}}}}}}}}}}}}}}}}} }}}}}}}}}}}}}}}}}}}}}}}}}}}}}}}}}}}}}}}}}}}}}}} SCURSCUM the Digger Experience level: 1 Strength: 11 Dexterity: 11 Constitution: 14 Intelligence: 16 Wisdom: 13 Charisma: 10 Health: 0(12) Energy: 2(2) Def: 2 Gold: 0 Moves: 101 Dungeon seed: GFQvxgtlXuHEZDFy Game ID: SCURSCUM_1498607161 Your Inventory: Weapons a - an uncursed +2 bullwhip Armor e - an uncursed +0 leather jacket (being worn) n - an uncursed +0 pair of leather gloves (being worn) Comestibles b - 5 uncursed chestnuts Wands d - an uncursed wand of light (0:11) Tools c - an uncursed pair of lenses f - an uncursed sack g - an uncursed tin opener (alternate weapon; not wielded) h - an uncursed oil lamp (0:1249) Gems q - an uncursed touchstone Spells and supernatural/magical abilities: Name Level Category Fail Memory W - pray for help -- divine ? -- Your skills at the end: Miscellaneous Skills wands [Basic] Weapon Skills whip [Basic] Spellcasting Skills Final Attributes: You were devoutly aligned. You had infravision. You were very stealthy. You were fast. You are dead. Vanquished creatures: a goblin Voluntary challenges: You went without food. You did not adorn yourself with jewelry or accessories. You did not cause conflict. You were not invisible. You did not have reflection. You were not displaced. You were an atheist. You never hit with a wielded weapon. You were a pacifist. You did not use tools. You did not use plumbed fixtures. You did not drink any magical draughts. You were illiterate. You never genocided any monsters. You never polymorphed an object. You never changed form. You used no wishes. You never split a pudding. You never wrote Elbereth's name. You never violated your personal moral code. Dungeon overview: The Dungeons of Doom: levels 1 to 24 Level 1 a long staircase Level 2 an altar to Quetzalcoatl, a fountain Level 3 Level 4 a long staircase Level 5 Level 6 Level 7 Level 8 Level 9 Level 10 Level 11 a fountain Level 12 Level 13 Level 14 Level 15 Level 16 Level 17 Level 18 Level 19 Level 20 Level 21 Level 22 Level 23 a fountain Level 24 <- You were here History has recorded: On T:1 you entered the Dungeons of Doom to retrieve the Amulet of Yendor! On T:48 you reached level 2 of The Dungeons of Doom. On T:50 you reached level 3 of The Dungeons of Doom. On T:52 you reached level 4 of The Dungeons of Doom. On T:54 you reached level 5 of The Dungeons of Doom. On T:56 you reached level 6 of The Dungeons of Doom. On T:58 you reached level 7 of The Dungeons of Doom. On T:60 you reached level 8 of The Dungeons of Doom. On T:61 you reached level 9 of The Dungeons of Doom. On T:64 you reached level 10 of The Dungeons of Doom. On T:66 you reached level 11 of The Dungeons of Doom. On T:67 you reached level 12 of The Dungeons of Doom. On T:70 you reached level 13 of The Dungeons of Doom. On T:72 you reached level 14 of The Dungeons of Doom. On T:74 you reached level 15 of The Dungeons of Doom. On T:76 you reached level 16 of The Dungeons of Doom. On T:78 you reached level 17 of The Dungeons of Doom. On T:78 you entered the Rogue tribute level. On T:79 you reached level 18 of The Dungeons of Doom. On T:81 you reached level 19 of The Dungeons of Doom. On T:83 you reached level 20 of The Dungeons of Doom. On T:85 you reached level 21 of The Dungeons of Doom. On T:87 you reached level 22 of The Dungeons of Doom. On T:89 you reached level 23 of The Dungeons of Doom. On T:91 you reached level 24 of The Dungeons of Doom. Score breakdown: Gold: 0 ( 0 points) Experience: 1 level ( 0 points) Exploration: 24 levels ( 690 points) Discoveries: 0 items ( 0 points) Variety of kills: 1 monster ( 50 points) Major goal: (nothing yet) ( 0 points) Survival: died (score multiplied by 3) Total score: 2220 Latest messages: You hear a distant squeak. You start digging downward. You continue digging downward. The water sloshes furiously for a moment, then subsides. You start digging downward. You continue digging downward. The water sloshes furiously for a moment, then subsides. You start digging downward. You continue digging downward. The water sloshes furiously for a moment, then subsides. You start digging downward. You continue digging downward. The water sloshes furiously for a moment, then subsides. You hear a distant squeak. You start digging downward. You continue digging downward. The water sloshes furiously for a moment, then subsides. The jellyfish stings! The jellyfish's sting was poisoned! You die... The sack is empty. The sack is empty. Final status: Goodbye SCURSCUM the Archeologist, killed by a jellyfish... You died in The Dungeons of Doom on dungeon level 24 with 2220 points, and 0 pieces of gold, after 101 moves. You were level 1 with a maximum of 12 hit points when you died.